 Dungeon Crawl Stone Soup version 0.19-a0-1216-g363869b (webtiles) character file.

77 4thArraOfDagon the Ruffian (level 4, -1/44 HPs)
             Began as a Troll Fighter on Aug 23, 2016.
             Slain by an ogre
             ... wielding a +0 giant club
              (22 damage)
             ... on level 5 of the Dungeon.
             The game lasted 00:02:46 (666 turns).

4thArraOfDagon the Ruffian (Troll Fighter)           Turns: 666, Time: 00:02:47

Health: -1/44      AC:  6    Str: 24    XL:     4   Next: 14%
Magic:  3/3        EV:  8    Int:  5    God:
Gold:   56         SH:  8    Dex:  9    Spells: 0 memorised, 3 levels left

rFire  + . .     SeeInvis .       - Unarmed
rCold  . . .     Gourm    +     a - +0 robe
rNeg   . . .     Faith    .     b - +0 shield
rPois  .         Spirit   .     (helmet restricted)
rElec  .         Dismiss  .     l - +0 cloak
rCorr  .         Reflect  .     (gloves unavailable)
MR     .....     Harm     .     (boots unavailable)
Stlth  +.........               (no amulet)
                                (no ring)
                                (no ring)

@: no status effects
A: unfitting armour, claws 3, fire resistance 1, fast metabolism 3, gourmand,
mutation resistance 1, regeneration 1, shaggy fur 1, tough skin 2
a: no special abilities


You were on level 5 of the Dungeon.
You were very full.

You visited 1 branch of the dungeon, and saw 5 of its levels.

You collected 56 gold pieces.

Inventory:

Armour
 a - a +0 robe (worn)
 b - a +0 shield (worn)
 l - a +0 cloak (worn)
Scrolls
 e - 2 scrolls of fog {unknown}
 f - a scroll of fear {unknown}
 g - 2 scrolls of remove curse {unknown}
 h - a scroll of amnesia {unknown}
 i - a scroll of magic mapping {unknown}
 m - a scroll of blinking {unknown}
Potions
 c - a potion of might
 j - a potion of heal wounds {unknown}
Comestibles
 d - 4 bread rations
 k - a meat ration


   Skills:
 - Level 2.4 Fighting
 + Level 3.3 Dodging
 - Level 2.4 Shields
 * Level 3.5 Unarmed Combat


You had 3 spell levels left.
You didn't know any spells.

Dungeon Overview and Level Annotations

Branches:
Dungeon (5/15)
 Temple: D:4-7

Altars:
Yredelemnul


Innate Abilities, Weirdness & Mutations

You are too large for most types of armour.
You have claws for hands.
Your metabolism is lightning-fast.
You like to eat raw meat.
Your natural rate of healing is unusually fast.
You are covered in fur. (AC +1)
You have very tough skin. (AC +2)
Your flesh is heat resistant. (rF+)
You are somewhat resistant to further mutation.


Message History

Unknown command.
Found a scroll labeled KOHAPLYKAM.
You see here a brightly glowing scale mail.
An ogre comes into view. It is wielding a giant club.
The ogre shouts!
Unknown command.
You see here a scroll labeled KOHAPLYKAM.
m - a scroll labeled KOHAPLYKAM You claw the ogre!
The ogre is moderately wounded.
The ogre barely misses you.
You claw the ogre!
The ogre is heavily wounded.
The ogre hits you with a giant club!!
Ouch! That really hurt!
You claw the ogre!
The ogre is almost dead.
The ogre hits you with a giant club!!
Ouch! That really hurt!
You die...

......#....>.#
......#......######
#####+#.....<#....#
#.....#......#....+
......#......#....#
......#......#....
....^.#......#...#
...>..'......#..O#
#######......#..@#
.............#...#
.......####'##...#
.......#....[....#
.......+....######
.......#....#
.......###+##
.......


You could see an ogre.

Vanquished Creatures
  Ijyb (D:2)
  A gnoll (D:2)
  An adder (D:3)
  6 orcs
  A bat (D:1)
  2 goblins (D:1)
  4 hobgoblins
  2 quokkas (D:2)
  2 giant newts
  2 kobolds (D:2)
  A quokka skeleton (D:4)
  6 rats
29 creatures vanquished.

Notes
Turn   | Place    | Note
-------+----------+-------------------------------------------
     0 | D:1      | 4thArraOfDagon the Troll Fighter began the quest for the Orb.
     0 | D:1      | Reached XP level 1. HP: 22/22 MP: 0/0
    26 | D:1      | 4thArraOfDagon: i cant find
    26 | D:1      | 4thArraOfDagon: non-speedrun god
    64 | D:1      | Reached XP level 2. HP: 29/29 MP: 1/1
   108 | D:2      | Ultraviolent4: is that bad?
   174 | D:2      | 4thArraOfDagon: no, very good
   194 | D:2      | Ultraviolent4: :)
   233 | D:2      | Noticed Ijyb
   244 | D:2      | Killed Ijyb
   244 | D:2      | Reached XP level 3. HP: 33/36 MP: 2/2
   336 | D:3      | Found a basalt altar of Yredelemnul.
   406 | D:3      | Reached XP level 4. HP: 34/44 MP: 3/3
   488 | D:4      | Gained mutation: Your flesh is heat resistant. (rF+) [potion of mutation]
   488 | D:4      | Gained mutation: You are somewhat resistant to further mutation. [potion of mutation]
   608 | D:5      | Entered Level 5 of the Dungeon
   660 | D:5      | Noticed an ogre
   666 | D:5      | Slain by an ogre

Vault maps used:
D:1:      dpeg_arrival_ratfight, lemuel_old_faithful
D:2:      wad_woods_settlement, uniq_iyjb
D:3:      nicolae_overflow_hidden_temple, first_bread, grunt_ministairs_11,
          st_stairs_7
D:4:      kennysheep_mini, corexii_item_surrounded_by_moat
D:5:      elyvilon_altar_5, kennysheep_mini_moat, serial_shops, shop

Skill      XL: |  1  2 |
---------------+-------+-----
Dodging        | 3 |  3.3
Unarmed Combat | 3 |  3.5
Fighting       | |  2.4
Shields        | |  2.4

Action                   |  1- 3 |  4- 6 || total
-------------------------+-------+-------++-------
Melee: Unarmed           |    56 |    18 ||    74
  Use: Potion            |       |     2 ||     2
 Stab: Sleeping          |     1 |       ||     1
  Eat: Chunk             |     1 |     9 ||    10
Armor: Robe              |    15 |     3 ||    18
Dodge: Dodged            |    20 |     4 ||    24
Block: Shield            |    23 |     8 ||    31
